 Dungeon Crawl Stone Soup version 0.20.1-1-g8b1a95d (console) character file.

46 hilaritas the Shield-Bearer (level 3, 0/23 HPs)
             Began as a Gargoyle Fighter on Nov 5, 2017.
             Killed by nerve-wracking pain
             ... invoked by an orc priest
              (6 damage)
             ... on level 4 of the Dungeon.
             The game lasted 00:04:12 (811 turns).

hilaritas the Shield-Bearer (Gargoyle Fighter)       Turns: 811, Time: 00:04:12

Health: 0/23       AC: 10    Str: 25    XL:     3   Next: 68%
Magic:  3/3        EV:  7    Int:  8    God:
Gold:   104        SH: 10    Dex:  9    Spells: 2/2 levels left

rFire    . . .     SeeInvis .   a - +0 flail
rCold    . . .     Gourm    .   c - +0 shield
rNeg     + . .     Faith    .   b - +0 scale mail
rPois    ∞         Spirit   .   (no helmet)
rElec    +         Reflect  .   (no cloak)
rCorr    .         Harm     .   (no gloves)
MR       .....                  (no boots)
Stlth    ..........             (no amulet)
Regen    0.1/turn               (no ring)
MPRegen  0.1/turn               (no ring)

@: mighty
A: negative energy resistance 1, electricity resistance, unbreathing,
petrification resistance, rot immunity, AC +3
a: no special abilities


You were on level 4 of the Dungeon.
You were not hungry.

You visited 1 branch of the dungeon, and saw 3 of its levels.

You collected 104 gold pieces.

Inventory:

Hand Weapons
 a - a +0 flail (weapon)
Armour
 b - a +0 scale mail (worn)
 c - a +0 shield (worn)
Jewellery
 e - a cursed ring of loudness {unknown}
 m - a +2 ring of dexterity {unknown}
Scrolls
 i - a scroll of enchant armour {unknown}
 o - 2 scrolls of teleportation {unknown}
 p - a scroll of magic mapping {unknown}
 q - a scroll of identify {unknown}
Potions
 h - a potion of cancellation {unknown}
 k - a potion of agility {unknown}
 l - a potion of haste {unknown}
 n - a potion of ambrosia {unknown}
 r - a potion of heal wounds {unknown}
 s - a potion of mutation {unknown}
Comestibles
 f - 3 bread rations
 g - a chunk of flesh
 j - a meat ration


   Skills:
 - Level 3.2 Fighting
 * Level 3.2 Maces & Flails
 - Level 3.2 Armour
 + Level 4.1 Shields


You had 2 spell levels left.
You didn't know any spells.

Dungeon Overview and Level Annotations

Branches:
Dungeon (2/15)

Altars:


Innate Abilities, Weirdness & Mutations

You are resistant to torment.
Your stone body is resilient. (AC +3)
You are immune to poison.
You resist negative energy. (rN+)
You are resistant to electric shocks. (rElec)
You can survive without breathing.
You are immune to petrification.
You are immune to rotting.


Message History

You closely miss the orc priest.
The orc priest is moderately wounded.
The orc priest calls down the wrath of Beogh upon you.
Pain shoots through your body!
* * * LOW HITPOINT WARNING * * *
Unknown command.
You feel very mighty all of a sudden.
The orc priest hits you but does no damage.
You barely miss the orc priest.
The orc priest is moderately wounded.
The orc priest barely misses you.
You hit the orc priest.
The orc priest is heavily wounded.
The orc priest barely misses you.
Some of the chunks of flesh in your inventory have rotted away.
You completely miss the orc priest.
The orc priest is heavily wounded.
The orc priest mumbles some strange prayers to Beogh against you.
Pain shoots through your body!
You die...

#.# #.#
#.# ###.#
...# .o#
#o# #@#
#.####
#.^..#
#.##.....
#.# ....
#.# ...
#.# ..
#.# . #..
###


You could see an orc priest and an orc.

Vanquished Creatures
  A gnoll (D:1)
  A worm (D:2)
  An orc (D:4)
  2 bats
  2 giant cockroaches (D:1)
  5 goblins
  7 hobgoblins
  3 jackals (D:1)
  5 frilled lizards
  4 rats
31 creatures vanquished.

Notes
Turn   | Place    | Note
-------+----------+-------------------------------------------
     0 | D:1      | hilaritas the Gargoyle Fighter began the quest for the Orb.
     0 | D:1      | Reached XP level 1. HP: 14/14 MP: 1/1
   140 | D:1      | Reached XP level 2. HP: 19/19 MP: 2/2
   262 | D:1      | Reached XP level 3. HP: 22/23 MP: 3/3
   630 | D:2      | Reached skill level 4 in Shields
   798 | D:2      | You fall through a shaft for 2 floors!
   811 | D:4      | Killed from afar by an orc priest

Skill      XL: |  1  2  3 |
---------------+----------+-----
Maces & Flails | 3 |  3.2
Shields        | 4 |  4.1
Fighting       | |  3.2
Armour         | |  3.2

Action                   || total
-------------------------++-------
Melee: Flail             ||   106
  Use: Potion            ||     1
Armor: Scale mail        ||    52
Dodge: Dodged            ||    22
Block: Shield            ||    45
